 Dungeon Crawl Stone Soup version 0.22-a0-362-g535178c (webtiles) character file.

475 Kikal the Conjurer (level 6, -1/40 HPs)
             Began as a Felid Conjurer on Apr 20, 2018.
             Was a Follower of Vehumet.
             Slain by a river rat (6 damage)
             ... summoned by Eustachio
             ... on level 5 of the Dungeon.
             The game lasted 00:19:31 (7727 turns).

Kikal the Conjurer (Felid Conjurer)                 Turns: 7727, Time: 00:19:32

Health: -1/40      AC: 23    Str:  4    XL:     6   Next: 84%
Magic:  11/11      EV:  4    Int: 19    God:    Vehumet [*.....]
Gold:   136        SH:  0    Dex: 16    Spells: 3/11 levels left
                                        Lives:  0   Deaths: 1

rFire    . . .     SeeInvis +   (weapon unavailable)
rCold    . . .     Gourm    .   (shield unavailable)
rNeg     + + +     Faith    .   (armour unavailable)
rPois    +         Spirit   .   (helmet unavailable)
rElec    .         Reflect  .   (cloak unavailable)
rCorr    .         Harm     .   (gloves unavailable)
MR       .....     NoTele   +   (boots unavailable)
Stlth    ++........             (no amulet)
HPRegen  0.13/turn              (no ring)
MPRegen  0.12/turn              (no ring)

@: lethally poisoned (-1 -> -5), tree-form (expiring)
A: very small, no armour, no weapons or thrown items, stealth, see invisible,
carnivore, slow metabolism 1
a: Renounce Religion


You were on level 5 of the Dungeon.
You worshipped Vehumet.
Vehumet was aware of your devotion.
You were very full.
You were a tree.
You visited 2 branches of the dungeon, and saw 6 of its levels.

You collected 136 gold pieces.

Inventory:

Hand Weapons
 q - a +0 club
Jewellery
 d - an uncursed ring of protection from fire {unknown}
 o - a cursed -3 ring of evasion {unknown}
 u - a cursed ring of teleportation {unknown}
Wands
 i - a wand of paralysis (2)
Scrolls
 a - 2 scrolls of magic mapping {unknown}
 c - 6 scrolls of remove curse {unknown}
 e - 2 scrolls of teleportation {unknown}
 f - a scroll of blinking {unknown}
 g - a scroll of fear {unknown}
 h - 6 scrolls of identify {unknown}
 j - a scroll of enchant weapon {unknown}
 m - 2 scrolls of fog {unknown}
 r - a scroll of enchant armour {unknown}
 s - a scroll of amnesia {unknown}
 w - a scroll of random uselessness {unknown}
Potions
 l - a potion of flight
 n - a potion of lignification
Comestibles
 b - 4 rations


   Skills:
 + Level 2.3 Fighting
 - Level 2.6 Dodging
 - Level 2.6 Stealth
 + Level 3.2 Spellcasting
 + Level 6.5 Conjurations
 - Level 3.0 Hexes


You had 3 spell levels left.
You knew the following spells:

 Your Spells              Type           Power        Failure   Level  Hunger
a - Magic Dart            Conj           ####         1%          1    None
b - Dazzling Spray        Conj/Hex       ###...       6%          3    ###....
c - Iskenderun's Mystic   Conj           ####....     10%         4    ####...


Dungeon Overview and Level Annotations

Branches:
Dungeon (5/15)             Temple (1/1) D:4

Altars:
Ashenzari
Cheibriados
Elyvilon
Gozag
Kikubaaqudgha
Okawaru
Qazlal
Ru
Trog
Uskayaw
Vehumet
Wu Jian
Xom
Zin
The Shining One

Shops:
D:4 [

Annotations:
D:5 Eustachio


Innate Abilities, Weirdness & Mutations

You cannot wear armour.
You are incapable of wielding weapons or throwing items.
Your paws allow you to move quietly. (Stealth)
((You have sharp claws.))
((You have razor-sharp teeth.))
You have supernaturally acute eyesight. (SInv)
You are carnivorous and can eat meat at any time.
((You cover ground quickly.))
((You are covered in thick fur. (AC +2)))
You have a slow metabolism.
((Your sharp claws are effective at attacking unaware monsters.))


Message History

* * * LOW HITPOINT WARNING * * *
The crimson imp blinks!
The quokka bites you but does no damage.
You take 1 damage, and have 6/40 hp.
You smack Eustachio!
* * * LOW HITPOINT WARNING * * *
You feel sick.
The crimson imp disappears in a puff of smoke!
The iron imp disappears in a puff of smoke!
The scorpion barely misses you. Eustachio hits you but does no damage.
The quokka barely misses you.
The river rat bites you but does no damage.
You closely miss Eustachio.
* * * LOW HITPOINT WARNING * * *
You feel sick.
The scorpion stings you but does no damage.
Eustachio barely misses you.
The quokka bites you but does no damage.
The river rat bites you.
You die...

####.#####..#
..........$.##.###
#...<..........
#######.†####.###
.......§..#
...#......####
..5...§b.....
..##..rrs.######
......@♣r......#
#######.######.#
###


You could see Eustachio, a scorpion, a crimson imp, 2 river rats, a quokka and a
bat.

Vanquished Creatures
  An ogre (D:4)
  A hound (D:3)
  Crazy Yiuf (D:2)
  3 orc priests (D:3)
  Jessica (D:3)
  Ijyb (D:2)
  Terence (D:1)
  2 worker ants
  8 adders
  An adder skeleton (D:4)
  4 worms
  2 dart slugs
  2 leopard geckos (D:3)
  4 orcs
  2 ball pythons
  9 bats
  4 giant cockroaches
  12 goblins
  6 hobgoblins
  8 jackals
  3 quokkas
  7 frilled lizards
  8 kobolds
  6 rats
97 creatures vanquished.

Notes
Turn   | Place    | Note
-------+----------+-------------------------------------------
     0 | D:1      | Kikal the Felid Conjurer began the quest for the Orb.
     0 | D:1      | Reached XP level 1. HP: 7/7 MP: 4/4
   325 | D:1      | Reached XP level 2. HP: 11/11 MP: 0/6
   493 | D:1      | Reached skill level 4 in Conjurations
  1517 | D:2      | Noticed Terence
  1714 | D:2      | Found a shattered altar of Ashenzari.
  2170 | D:1      | Killed Terence
  2170 | D:1      | Reached XP level 3. HP: 10/14 MP: 1/8
  2296 | D:1      | Learned a level 3 spell: Dazzling Spray
  2641 | D:2      | Reached XP level 4. HP: 18/18 MP: 5/9
  3318 | D:2      | Reached skill level 1 in Hexes
  3397 | D:2      | Found a runed door.
  3416 | D:2      | Noticed Crazy Yiuf
  3441 | D:2      | Killed Crazy Yiuf
  3441 | D:2      | Reached skill level 5 in Conjurations
  3507 | D:2      | Learned a level 4 spell: Iskenderun's Mystic Blast
  3741 | D:3      | Noticed Ijyb
  3742 | D:3      | Paralysed by Ijyb for 4 turns
  3757 | D:3      | Paralysed by Ijyb for 4 turns
  3786 | D:2      | Paralysed by Ijyb for 6 turns
  3791 | D:2      | Slain by Ijyb
  3792 | D:2      | Reached XP level 3. HP: -1/14 MP: 1/8
  3834 | D:2      | Paralysed by Ijyb for 5 turns
  3845 | D:2      | Killed Ijyb
  3845 | D:2      | Reached XP level 4. HP: 16/18 MP: 1/9
  4261 | D:3      | Noticed Jessica
  4263 | D:3      | Killed Jessica
  4357 | D:3      | Reached XP level 5. HP: 10/21 MP: 8/10
  4590 | D:4      | Found a staircase to the Ecumenical Temple.
  4602 | Temple   | Entered the Ecumenical Temple
  4645 | Temple   | Became a worshipper of Vehumet
  4904 | D:4      | Found Yramaji's Armour Shop.
  4925 | D:4      | Noticed an ogre
  4962 | D:4      | HP: 1/21 [ogre/giant spiked club (20)]
  4972 | D:4      | Killed an ogre
  4972 | D:4      | Reached skill level 6 in Conjurations
  5445 | D:4      | Gained mutation: You are covered in thick fur. (AC +2) [Felid growth]
  5445 | D:4      | Reached XP level 6. HP: 25/25 MP: 11/11
  5862 | D:3      | Reached skill level 1 in Fighting
  6449 | D:3      | Found a hide-covered altar of Uskayaw.
  6449 | D:3      | Found an opulent altar of Gozag.
  6854 | D:3      | Found a faded altar of an unknown god.
  6999 | D:3      | Reached * piety under Vehumet
  6999 | D:3      | Offered knowledge of Sting by Vehumet.
  7322 | D:5      | Entered Level 5 of the Dungeon
  7695 | D:5      | Noticed Eustachio
  7712 | D:5      | HP: 2/40 [ufetubus[Eustachio] (3)]
  7727 | D:5      | Slain by a river rat

Vault maps used:
D:1:      dpeg_arrival_triangle_fractal
D:2:      evilmike_ruin_ashenzari, corexii_corridor_pit, serial_bayou_crossing,
          uniq_crazy_yiuf_cottage, uniq_terence
D:3:      gammafunk_temple_overflow_wave, chequers_ecumenical_altar_grove,
          uniq_ijyb, uniq_jessica
D:4:      minmay_temple_entry_overgrown, serial_shops, nicolae_shop_waterfront
D:5:      kennysheep_little_box, first_ration, feat_on_display, uniq_eustachio
Temple:   regret_index_temple_waves

Skill      XL: |  1  2  3  4  5  6 |
---------------+-------------------+-----
Conjurations   | 4 5 6 |  6.5
Spellcasting   | 3 |  3.2
Hexes          | 2 3 |  3.0
Fighting       | 2 |  2.3
Dodging        | |  2.6
Stealth        | |  2.6

Action                   |  1- 3 |  4- 6 || total
-------------------------+-------+-------++-------
Melee: Unarmed           |    27 |    86 ||   113
       Bite              |     3 |     2 ||     5
 Cast: Magic Dart        |   111 |   155 ||   266
       Dazzling Spray    |     1 |    16 ||    17
       Iskenderun's Myst |       |     8 ||     8
  Use: Potion            |       |     5 ||     5
 Stab: Sleeping          |     1 |     3 ||     4
       Distracted        |       |     1 ||     1
       Invisible         |       |     1 ||     1
  Eat: Chunk             |    14 |    14 ||    28
Armor: Skin              |     3 |   115 ||   118
Dodge: Dodged            |    50 |   117 ||   167

Table legend:
 A = Spawn XP
 B = Non-spawn XP
 C = Spawn XP percentage of total XP
 D = Spawn monster count
 E = Non-spawn monster count
 F = Spawn count percentage of total count
 G = Total turns spent on level
                    A         B        C        D         E        F      G
               +---------+---------+-------+---------+---------+-------+---------
         Total |       0 |     777 |   0.0 |       0 |      97 |   0.0 |  7727
               +---------+---------+-------+---------+---------+-------+---------
           D:1 |       0 |      65 |   0.0 |       0 |      20 |   0.0 |  2304
           D:2 |       0 |     159 |   0.0 |       0 |      30 |   0.0 |  1781
           D:3 |       0 |     297 |   0.0 |       0 |      33 |   0.0 |  1721
           D:4 |       0 |     219 |   0.0 |       0 |      12 |   0.0 |  1801
           D:5 |       0 |      37 |   0.0 |       0 |       2 |   0.0 |    49
               +---------+---------+-------+---------+---------+-------+---------
